 Dungeon Crawl Stone Soup version 0.24.0-1-gfbc8707 (webtiles) character file.

Game seed: 13896354568835242305, levelgen mode: deterministic

58 Charmandara the Sneak (level 4, -1/24 HPs)
             Began as a Kobold Ice Elementalist on Nov 5, 2019.
             Slain by Crazy Yiuf
             ... wielding a +4 quarterstaff of chaos
              (13 damage)
             ... on level 2 of the Dungeon.
             The game lasted 00:03:03 (1704 turns).

Charmandara the Sneak (Kobold Ice Elementalist)     Turns: 1704, Time: 00:03:03

Health: -1/24      AC:  3    Str:  5    XL:     4   Next: 21%
Magic:  7/7        EV: 15    Int: 17    God:
Gold:   91         SH:  0    Dex: 15    Spells: 1/7 levels left

rFire    . . .     SeeInvis .   a - +2 short sword (venom)
rCold    . . .     Gourm    .   (shield restricted)
rNeg     . . .     Faith    .   j - +1 robe
rPois    .         Spirit   .   (no helmet)
rElec    .         Reflect  .   (no cloak)
rCorr    .         Harm     .   (no gloves)
MR       .....                  (no boots)
Stlth    +++.......             (no amulet)
HPRegen  0.08/turn              (no ring)
MPRegen  0.10/turn              (no ring)

@: lightly drained
A: small, carnivore
a: no special abilities


You were on level 2 of the Dungeon.
You were completely stuffed.

You visited 1 branch of the dungeon, and saw 2 of its levels.

You collected 91 gold pieces.

Inventory:

Hand Weapons
 a - a +2 short sword of venom (weapon)
   (You took it off a kobold on level 2 of the Dungeon)
 b - a +0 club
   (You took it off a hobgoblin on level 1 of the Dungeon)
 f - a +0 dagger
   (You took it off a goblin on level 1 of the Dungeon)
Armour
 j - a +1 robe (worn)
Scrolls
 g - a scroll of magic mapping {unknown}
Potions
 k - a potion of degeneration {unknown}
Comestibles
 c - 6 rations


   Skills:
 + Level 0.1(0.0) Fighting
 * Level 2.6(2.4) Short Blades
 - Level 2.4(2.1) Dodging
 + Level 4.9(4.7) Stealth
 - Level 2.1(1.9) Spellcasting
 - Level 1.0(0.7) Conjurations
 - Level 3.0(2.7) Ice Magic


You had one spell level left.
You knew the following spells:

 Your Spells              Type           Power        Failure   Level  Hunger
a - Freeze                Ice            ##..         6%          1    #......
x - Throw Frost           Conj/Ice       #.....       14%         2    ###....
A - Ozocubu's Armour      Chrm/Ice       #.......     32%         3    ###....

Your spell library contained the following spells:

 Spells                   Type           Power        Failure   Level  Hunger
 Throw Icicle             Conj/Ice       #.......     67%         4    #####..
 Summon Ice Beast         Ice/Summ       #.......     73%         4    #####..


Dungeon Overview and Level Annotations

Branches:
Dungeon (2/15)

Altars:
Gozag
Xom

Annotations:
D:2 Crazy Yiuf


Innate Abilities, Weirdness & Mutations

You are small and have problems with some larger weapons.
You are carnivorous and can eat meat at any time.


Message History

A worm is nearby!
You start resting.
The worm is too close now for your liking.
You start resting.
All of the chunks of flesh in your inventory have rotted away.
Health restored: 24 A kobold comes into view.
It is wielding a +2 short sword of venom.
A kobold is nearby!
The kobold shouts!
The kobold throws a stone.
The stone hits you.
You see here a stone.
You take 2 damage, and have 22/24 hp.
The kobold closely misses you.
You hit the kobold but do no damage.
Aim: a kobold, wielding a +2 short sword of venom You freeze the kobold.
You kill the kobold!
You now have 6/7 mp.
Unknown command.
You can't see any susceptible monsters within range! (Use Z to cast anyway.) Unknown command.
Unknown command.
Things that are here:
a +2 short sword of venom; 2 stones
j - a +2 short sword of venom
Okay, then.
Adjust (i)tems, (s)pells, or (a)bilities?
Adjust which item? (? for menu, Esc to quit)
j - a +2 short sword of venom Adjust to which letter? (? for menu, Esc to quit)
a - a +2 short sword of venom;
j - a +0 robe (worn)
Your +2 short sword of venom begins to drip with poison!
a - a +2 short sword of venom (weapon)
c - 5 rations (gained 1)
A giant cockroach comes into view.
Health restored: 24; MP restored: 7 A giant cockroach is nearby!
The giant cockroach closely misses you.
You hit the giant cockroach.
The giant cockroach is poisoned.
You kill the giant cockroach!
You see here a giant cockroach corpse.
You butcher the giant cockroach corpse.
l - 2 chunks of flesh {@w0} You see here a +0 club.
c - 6 rations (gained 1)
Found a stone staircase leading down.
There is a stone staircase leading down here.
Eating one of 2 chunks of flesh {@w0}.
You eat one of the 2 chunks of flesh {@w0}.
This raw flesh tastes great.
Crazy Yiuf shouts!
Okay, then.
You open the door.
You aren't carrying any items that you can evoke.
Unknown command.
Okay, then.
As you read the scroll labeled JACOOB GUEMN, it crumbles to dust.
You feel strangely unstable.
It was a scroll of teleportation.
Crazy Yiuf shouts!
As you read the scroll labeled LOLAFU TEFIO, it crumbles to dust.
You feel blessed for a moment.
It was a scroll of remove curse.
Your surroundings suddenly seem different.
Unknown command.
All of the chunks of flesh in your inventory have rotted away.
You see here a +0 club.
Crazy Yiuf is too close now for your liking.
Crazy Yiuf is nearby!
You aren't carrying any items that you can evoke.
Unknown command.
As you read the scroll labeled LYKEGH WOMOA, it crumbles to dust.
It is a scroll of enchant armour.
Your +0 robe glows green for a moment.
Crazy Yiuf shouts!
As you read the scroll labeled MAUSYM NOVEOF, it crumbles to dust.
It is a scroll of amnesia.
Really abort (and waste the scroll)?
Okay, then.
You completely miss Crazy Yiuf. Crazy Yiuf misses you.
You hit Crazy Yiuf but do no damage.
Crazy Yiuf is poisoned.
Crazy Yiuf hits you with a +4 quarterstaff of chaos.
You take 2 damage, and have 22/24 hp.
You closely miss Crazy Yiuf.
Crazy Yiuf hits you with a +4 quarterstaff of chaos.
You are electrocuted!
You take 10 damage, and have 12/24 hp.
MASSIVE DAMAGE!!
Unknown command.
Here: Crazy Yiuf, wielding a +4 quarterstaff of chaos and wearing a +1 cloak (lightly wounded, poisoned)
The floor.
You barely miss Crazy Yiuf.
Crazy Yiuf hits you with a +4 quarterstaff of chaos.
You feel drained.
You take 1 damage, and have 11/24 hp.
Unknown command.
You closely miss Crazy Yiuf. You hit Crazy Yiuf but do no damage.
Crazy Yiuf looks even sicker.
Crazy Yiuf hits you with a +4 quarterstaff of chaos!
Ouch! That really hurt!
You die...

#.# #.##########
#.# #...........
###.#
###########.
#...# #. #.### ##
#.# # #.########
# #.##...#.###
### #
#.@g....#..##...#
#
#......####.g...#
# ##.#..##
###..)# ######
### # ### # #.# #
#.#


You could see Crazy Yiuf.

Vanquished Creatures
  Jessica (D:2)
  An ooze (D:2)
  A dart slug (D:1)
  A leopard gecko (D:2)
  3 bats
  2 giant cockroaches (D:2)
  3 goblins
  5 hobgoblins
  A frilled lizard (D:2)
  4 kobolds
  2 rats (D:2)
24 creatures vanquished.

Notes
Turn   | Place    | Note
-------+----------+-------------------------------------------
     0 | D:1      | Charmandara the Kobold Ice Elementalist began the quest for
                  | the Orb.
     0 | D:1      | Reached XP level 1. HP: 10/10 MP: 3/3
   287 | D:1      | Reached skill level 3 in Stealth
   358 | D:1      | Reached XP level 2. HP: 15/15 MP: 0/5
   759 | D:2      | Found a shimmering altar of Xom.
   787 | D:2      | Reached skill level 4 in Stealth
   791 | D:2      | Reached skill level 1 in Short Blades
   801 | D:2      | Noticed Jessica
   813 | D:2      | Killed Jessica
   813 | D:2      | Reached skill level 2 in Short Blades
   813 | D:2      | Reached XP level 3. HP: 17/19 MP: 0/6
   991 | D:2      | Reached XP level 4. HP: 24/24 MP: 4/7
  1043 | D:2      | Learned a level 2 spell: Throw Frost
  1047 | D:2      | Learned a level 3 spell: Ozocubu's Armour
  1139 | D:2      | Found an opulent altar of Gozag.
  1511 | D:2      | Found a runed translucent door.
  1512 | D:2      | Noticed Crazy Yiuf
  1704 | D:2      | Slain by Crazy Yiuf

Levels and vault maps discovered:
D:1:      dpeg_arrival_tiny_f, layout_rooms
D:2:      layout_loops_ring, overflow_temple_1_default, first_ration,
          nicolae_gozag_cash_rules_everything_around_me,
          uniq_crazy_yiuf_cottage, uniq_jessica

Skill      XL: |  1  2 |
---------------+-------+-----
Stealth        | 3 4 |  4.9
Short Blades   | 2 |  2.6
Fighting       | |  0.1
Dodging        | |  2.4
Spellcasting   | |  2.1
Conjurations   | |  1.0
Ice Magic      | |  3.0

Action                   |  1- 3 |  4- 6 || total
-------------------------+-------+-------++-------
Melee: Dagger            |     9 |     4 ||    13
       Short sword       |       |     7 ||     7
 Cast: Freeze            |    24 |     8 ||    32
  Use: Scroll            |       |     4 ||     4
 Stab: Sleeping          |     4 |       ||     4
  Eat: Chunk             |     8 |     3 ||    11
Armor: Robe              |     3 |       ||     3
Dodge: Dodged            |    16 |     6 ||    22

Levels and vault maps discovered:
D:1:      dpeg_arrival_tiny_f, layout_rooms
D:2:      layout_loops_ring, overflow_temple_1_default, first_ration,
          nicolae_gozag_cash_rules_everything_around_me,
          uniq_crazy_yiuf_cottage, uniq_jessica

Table legend:
 A = Turns spent in this place as a percentage of turns spent in the entire game.
 B = Non-inter-level travel turns spent in this place as a percentage of non-inter-level travel turns spent in the entire game.
 C = Inter-level travel turns spent in this place as a percentage of turns spent in this place.
 D = Turns resting spent in this place as a percentage of non-inter-level travel turns spent in this place.
 E = Turns spent auto-exploring this place as a percentage of non-inter-level travel turns spent in this place.
 F = Non-inter-level travel turns spent in this place divided by the number of levels of this place that you've seen.
                   A       B       C       D       E      F
               +-------+-------+-------+-------+-------+----------------------
         Total | 100.0 | 100.0 |   2.2 |  25.8 |  56.7 | 833.0
       Dungeon | 100.0 | 100.0 |   2.2 |  25.8 |  56.7 | 833.0
               +-------+-------+-------+-------+-------+----------------------

Table legend:
 A = Kills in this place as a percentage of kills in entire the game.
 B = Kills by you in this place as a percentage of kills by you in the entire game.
 C = Kills by friends in this place as a percentage of kills by friends in the entire game.
 D = Other kills in this place as a percentage of other kills in the entire game.
 E = Experience gained in this place as a percentage of experience gained in the entire game.
 F = Experience gained in this place divided by the number of levels of this place that you have seen.
                   A       B       C       D       E      F
               +-------+-------+-------+-------+-------+----------------------
         Total | 100.0 | 100.0 |   N/A |   N/A | 100.0 |  42.0
       Dungeon | 100.0 | 100.0 |   N/A |   N/A | 100.0 |  42.0
               +-------+-------+-------+-------+-------+----------------------
